 Dungeon Crawl Stone Soup version 0.29-a0-982-gaed3a0c8d8 (webtiles) character file.

Game seed: 3614239142596470666

23410 nickcage the Scorcher (level 12, -5/94 HPs)
             Began as a Red Draconian Fire Elementalist on Aug 1, 2022.
             Was a Priest of Vehumet.
             Killed from afar by a catoblepas (11 damage)
             ... with a blast of calcifying dust
             ... on level 4 of the Lair of Beasts.
             The game lasted 01:22:24 (16675 turns).

nickcage the Scorcher (DrFE)                       Turns: 16675, Time: 01:22:24

Health: -5/94      AC: 14    Str: 10    XL:     12   Next: 71%
Magic:  11/27      EV: 12    Int: 21    God:    Vehumet [***...]
Gold:   988        SH:  0    Dex: 12    Spells: 14/33 levels left

rFire   + + .      SeeInvis .   D - staff of fire
rCold   . . .      Faith    .   z - orb {light}
rNeg    . . .      Spirit   .   (body armour unavailable)
rPois   .          Reflect  .   (helmet restricted)
rElec   .          Harm     .   l - +2 cloak
rCorr   +          Rampage  .   (no gloves)
Will    +....                   n - +2 pair of boots {Stlth+}
Stlth   +.........              (no amulet)
HPRegen 0.25/turn               v - ring of willpower
MPRegen 0.20/turn               s - ring of resist corrosion

@: glowing
A: breathe fire, AC +8, unfitting armour, fire resistance 1, cold-blooded
a: Breathe Fire, Renounce Religion


You were on level 4 of the Lair of Beasts.
You worshipped Vehumet.
Vehumet was most pleased with you.
You visited 3 branches of the dungeon, and saw 14 of its levels.

You collected 988 gold pieces.

Inventory:

Hand Weapons
 m - a +2 halberd of protection
 A - a +3 long sword of flaming
Missiles
 i - 2 javelins
Armour
 l - a +2 cloak (worn)
 n - a +2 pair of boots of stealth (worn)
 z - an orb of light (worn)
Magical Staves
 D - a staff of fire (weapon)
Jewellery
 s - a ring of resist corrosion (right hand)
 v - a ring of willpower (left hand)
 E - a +6 ring of strength
Wands
 c - a wand of charming (10)
 h - a wand of iceblast (22)
 k - a wand of acid (4)
Scrolls
 b - a scroll of blinking
 g - 4 scrolls of teleportation
 w - 3 scrolls of butterflies
 y - a scroll of poison
 B - a scroll of summoning {unknown}
Potions
 a - 3 potions of magic
 d - 4 potions of haste
 e - 2 potions of curing
 f - a potion of berserk rage
 j - 2 potions of cancellation
 o - 2 potions of degeneration
 p - 2 potions of lignification
 q - 2 potions of flight
 r - 2 potions of heal wounds
 t - a potion of attraction {unknown}
 u - 3 potions of brilliance
 x - 2 potions of resistance {unknown}
 C - a potion of mutation {unknown}
 F - a potion of might {unknown}


   Skills:
 - Level 5.2 Fighting
 - Level 1.7 Dodging
 - Level 1.7 Stealth
 + Level 11.2 Spellcasting
 - Level 3.0 Conjurations
 + Level 15.8 Fire Magic
 * Level 10.1 Air Magic
 * Level 4.3 Evocations


You had 14 spell levels left.
You knew the following spells:

 Your Spells              Type           Power      Damage    Failure   Level
a - Foxfire               Conj/Fire      100%       2x1d9     1%          1
b - Scorch                Fire           100%       2d10      0%          2
c - Flame Wave            Conj/Fire      67%        2d15      1%          4
d - Mephitic Cloud        Conj/Pois/Air  30%        N/A       1%          3
e - Lightning Bolt        Conj/Air       19%        1d34      3%          5
f - Sticky Flame          Conj/Fire      67%        2d8       1%          4

Your spell library contained the following spells:

 Spells                   Type           Power      Damage    Failure   Level
 Freeze                   Ice            44%        1d6       1%          1
 Poisonous Vapours        Pois/Air       66%        N/A       1%          2
 Conjure Flame            Conj/Fire      67%        6-21      1%          3
 Inner Flame              Hex/Fire       61%        N/A       1%          3
 Swiftness                Air            53%        N/A       1%          3
 Frozen Ramparts          Ice            22%        1d10      4%          3
 Necrotise                Necr           44%        1d6       6%          1
 Hailstorm                Conj/Ice       18%        3d6       9%          4
 Corpse Rot               Necr/Pois/Air  26%        N/A       14%         4
 Ozocubu's Armour         Ice            11%        N/A       17%         3
 Vampiric Draining        Necr           11%        2d6       17%         3
 Dispel Undead            Necr           11%        3d9       50%         4
 Agony                    Necr           11%        N/A       85%         5
 Metabolic Englaciation   Hex/Ice        5%         N/A       85%         5
 Death Channel            Necr           5%         N/A       100%        6
 Simulacrum               Ice/Necr       5%         N/A       100%        6


Dungeon Overview and Level Annotations

Branches:
Dungeon (9/15)             Temple (1/1) D:6            Lair (4/5) D:8
 Shoals (0/4) Lair:3        Snake (0/4) Lair:2          Orc (0/2) D:9
  Slime: Lair:4-5

Altars:
Cheibriados
Dithmenos
Elyvilon
Fedhas
Gozag
Hepliaklqana
Kikubaaqudgha
Makhleb
Nemelex Xobeh
Okawaru
Qazlal
Ru
Sif Muna
Trog
Uskayaw
Vehumet
Xom
Yredelemnul
Zin
The Shining One

Shops:
D:9 (?(*:

Annotations:
Lair:4 exclusion: oklob plant


Innate Abilities, Weirdness & Mutations

You can breathe blasts of fire.
Your fiery red scales are hard. (AC +8)
You cannot fit into any form of body armour.
Your flesh is heat resistant. (rF+)
You are cold-blooded and may be slowed by cold attacks.


Message History

You feel a surge of power!
Flames lash the catoblepas.
The catoblepas is lightly wounded.
The catoblepas's fire resistance burns away.
The catoblepas breathes a plume of calcifying dust at you.
The blast of calcifying dust hits you.
You feel a surge of power!
Flames lash the catoblepas.
The catoblepas is lightly wounded.
The catoblepas's fire resistance burns away.
You feel a surge of power!
Flames lash the catoblepas.
The catoblepas is burned terribly!
The catoblepas is moderately wounded.
Casting: Scorch (safe; 0% risk of failure)
Confirm with . or Enter, or press ? or * to list all spells.
Casting: Flame Wave (safe; 1% risk of failure)
Press: ? - help, Dir - look around, f - activate You feel a surge of power!
A wave of flame ripples out!
The flame wave engulfs the catoblepas but does no damage.
The catoblepas is moderately wounded. (Press . to intensify the flame waves.)
The catoblepas gores you!!
A wave of flame ripples out!
The flame wave engulfs the catoblepas!
The catoblepas is burned terribly!
The catoblepas is heavily wounded.
The catoblepas gores you!!
* * * LOW HITPOINT WARNING * * *
Casting: Flame Wave (safe; 1% risk of failure)
Confirm with . or Enter, or press ? or * to list all spells.
Aiming: Sticky Flame (safe; 1% risk of failure)
Press: ? - help, Shift-Dir - straight line, f - catoblepas
Aim: a catoblepas (moderately wounded, more vulnerable to fire, haloed, 100% to hit)
You feel a surge of power!
The sticky flame hits the catoblepas.
The catoblepas is burned terribly!
The catoblepas is heavily wounded.
The catoblepas is covered in liquid flames!
The catoblepas burns!
The catoblepas gores you!
* * * LOW HITPOINT WARNING * * *
The catoblepas burns!
The catoblepas breathes a plume of calcifying dust at you.
The blast of calcifying dust hits you!
You die...

P≈P..........
P≈.P......... #...
≈PP.........## ##..##
P.............##....# ##
.
........Y...........##.#
.##
#.....##.....#....###..#
###†...##
##...........#.#
###.....##
#............#.#
...#....#
##.Y§@.<........#
...##..##
#..##..........# P....YP#
##..#.#.....#..##
≈PP...§##
#..###........##
≈≈PP...§###...##........#
P.P.....§....##.......###
....####.##.####......#
...P# #####.##.......#
##.## ####.....##


You could see a catoblepas (burning, combustible).

Vanquished Creatures
  A boulder beetle (Lair:2)
  3 hydras
  A catoblepas (Lair:2)
  2 oklob plants (Lair:2)
  A cyclops (D:9)
  2 merfolk sirens (Lair:3)
  2 black mambas
  4 cane toads
  Maggie (D:7)
  7 komodo dragons
  A queen bee (D:9)
  5 polar bears
  Prince Ribbit (D:7)
  A blink frog (shapeshifter) (D:9)
  7 blink frogs
  Grinder (D:3)
  A basilisk (D:9)
  30 yaks
  Menkaure (D:7)
  5 nagas (Lair:2)
  Duvessa (D:4)
  2 orc warriors (D:8)
  8 water moccasins
  A black bear (D:5)
  4 ice beasts
  15 wolves
  A centaur (D:5)
  4 boggarts (Lair:3)
  An ogre (D:4)
  A phantom (D:5)
  A kobold brigand (D:9)
  12 bullfrogs
  A scorpion (D:5)
  A necrophage (D:8)
  Dowan (D:4)
  23 killer bees (D:9)
  6 howler monkeys
  3 hounds
  4 jellies
  Crazy Yiuf (D:2)
  5 orc priests
  A gnoll bouda (D:6)
  2 iguanas
  5 orc wizards
  Natasha (D:3)
  9 adders
  7 gnolls
  2 shadow imps (D:6)
  A worm (D:2)
  3 dart slugs
  26 orcs
  7 ball pythons
  8 endoplasms
  2 giant cockroaches
  6 goblins
  7 hobgoblins
  4 jackals (D:1)
  2 quokkas
  5 bats
  2 frilled lizards (D:1)
  11 kobolds
  4 rats
288 creatures vanquished.

Vanquished Creatures (others)
  36 foxfires
  15 fungi
  23 plants
74 creatures vanquished.

Grand Total: 362 creatures vanquished

Notes
Turn   | Place    | Note
-------+----------+-------------------------------------------
     0 | D:1      | nickcage the Draconian Fire Elementalist began the quest
                  | for the Orb.
     0 | D:1      | Reached XP level 1. HP: 14/14 MP: 3/3
     0 | D:1      | Noticed an octopode
     0 | D:1      | Noticed a ghoul
     1 | D:1      | Noticed a formicid
     3 | D:1      | Noticed a felid
     3 | D:1      | Noticed a demigod
     5 | D:1      | Noticed a troll
     8 | D:1      | Noticed a troll
     9 | D:1      | Noticed a naga
    11 | D:1      | Noticed a draconian
    11 | D:1      | Noticed a ghoul
    13 | D:1      | Noticed a spriggan
    13 | D:1      | Noticed an octopode
    15 | D:1      | Noticed a minotaur
    17 | D:1      | Noticed a formicid
    17 | D:1      | Noticed a demonspawn
    17 | D:1      | Noticed a merfolk
    19 | D:1      | Noticed a felid
    19 | D:1      | Noticed an ogre
   137 | D:1      | Reached XP level 2. HP: 6/20 MP: 0/5
   367 | D:1      | Learned a level 2 spell: Scorch
  1059 | D:1      | Reached XP level 3. HP: 26/26 MP: 3/6
  1404 | D:2      | Reached skill level 4 in Fire Magic
  2235 | D:2      | Found a runed translucent door.
  2236 | D:2      | Noticed Crazy Yiuf
  2242 | D:2      | Killed Crazy Yiuf
  2243 | D:2      | Reached XP level 4. HP: 33/33 MP: 1/8
  2489 | D:3      | Found a burning altar of Makhleb.
  2867 | D:3      | Found a faded altar of an unknown god.
  2901 | D:3      | Noticed Grinder
  2906 | D:3      | Killed Grinder
  2907 | D:3      | Reached skill level 5 in Fire Magic
  2907 | D:3      | Reached XP level 5. HP: 38/38 MP: 2/11
  2907 | D:3      | Reached XP level 6. HP: 45/45 MP: 2/12
  3061 | D:3      | Found a shadowy altar of Dithmenos.
  3136 | D:3      | Noticed Natasha
  3144 | D:3      | Killed Natasha
  3534 | D:4      | Learned a level 4 spell: Flame Wave
  3665 | D:4      | Reached skill level 6 in Fire Magic
  3856 | D:4      | Your scales start taking on a fiery red colour.
  3856 | D:4      | Reached skill level 7 in Fire Magic
  3856 | D:4      | Reached XP level 7. HP: 50/50 MP: 8/13
  3856 | D:4      | Gained mutation: Your flesh is heat resistant. (rF+) [Red
                  | Draconian growth]
  4255 | D:4      | Reached skill level 8 in Fire Magic
  4496 | D:4      | Found a sacrificial altar of Ru.
  4796 | D:4      | Found a sparkling altar of Nemelex Xobeh.
  4811 | D:4      | Found an opulent altar of Gozag.
  4855 | D:4      | Noticed Dowan
  4874 | D:4      | Noticed Duvessa
  4881 | D:4      | Killed Duvessa
  4882 | D:4      | Reached skill level 5 in Spellcasting
  4889 | D:4      | Killed Dowan
  5126 | D:5      | Entered Level 5 of the Dungeon
  5149 | D:5      | Found a white marble altar of Elyvilon.
  5333 | D:5      | Reached skill level 9 in Fire Magic
  5333 | D:5      | Reached XP level 8. HP: 51/57 MP: 6/15
  5924 | D:6      | Found a staircase to the Ecumenical Temple.
  5929 | D:6      | Reached skill level 10 in Fire Magic
  5948 | Temple   | Entered the Ecumenical Temple
  6059 | Temple   | Became a worshipper of Vehumet
  6558 | D:6      | Reached skill level 11 in Fire Magic
  6646 | D:6      | Identified a scroll of acquirement
  6646 | D:6      | Acquired nickcage's Parchment of the Nimbus
  6652 | D:6      | Learned a level 3 spell: Mephitic Cloud
  6658 | D:6      | Learned a level 5 spell: Lightning Bolt
  7137 | D:6      | Found a shimmering altar of Xom.
  7239 | D:7      | Reached XP level 9. HP: 62/62 MP: 10/19
  7378 | D:7      | Noticed Maggie
  7385 | D:7      | Killed Maggie
  7386 | D:7      | Reached skill level 1 in Air Magic
  7546 | D:7      | Noticed Menkaure
  7551 | D:7      | Killed Menkaure
  7594 | D:7      | Noticed Prince Ribbit
  7606 | D:7      | Killed Prince Ribbit
  8553 | D:8      | Reached skill level 12 in Fire Magic
  8652 | D:8      | Found a staircase to the Lair.
  8766 | D:8      | Reached XP level 10. HP: 50/69 MP: 5/22
  9515 | D:9      | Reached * piety under Vehumet
  9515 | D:9      | Offered knowledge of Sandblast by Vehumet.
  9569 | D:9      | Found Ifuniw's Book Shoppe.
  9569 | D:9      | Found Fely's Magic Scroll Shoppe.
  9569 | D:9      | Found Kobu's Antique Weapon Shoppe.
  9570 | D:9      | Found Zoshaah's Assorted Antiques.
  9634 | D:9      | Found a staircase to the Orcish Mines.
  9662 | D:9      | Reached skill level 13 in Fire Magic
  9693 | D:9      | Reached ** piety under Vehumet
  9693 | D:9      | Offered knowledge of Shock by Vehumet.
  9693 | D:9      | Noticed a boulder beetle
  9693 | D:9      | Noticed a deep elf pyromancer
 10037 | D:9      | Found Ryadyr's Antique Weapon Emporium.
 10061 | D:9      | Noticed a cyclops
 10077 | D:9      | Killed a cyclops
 10078 | D:9      | Reached skill level 5 in Air Magic
 10242 | D:9      | Noticed a tengu warrior
 10475 | Lair:1   | Entered Level 1 of the Lair of Beasts
 10492 | Lair:1   | Reached skill level 10 in Spellcasting
 10494 | Lair:1   | Noticed a black mamba
 10499 | Lair:1   | Reached skill level 14 in Fire Magic
 10790 | D:8      | Killed a black mamba
 10791 | D:8      | Reached XP level 11. HP: 57/74 MP: 22/25
 11444 | Lair:1   | Noticed a four-headed hydra
 11456 | Lair:1   | Killed a four-headed hydra
 11982 | Lair:1   | Reached skill level 15 in Fire Magic
 11983 | Lair:1   | Offered knowledge of Stone Arrow by Vehumet.
 12510 | Lair:2   | Noticed an oklob plant
 12518 | Lair:2   | Killed an oklob plant
 12519 | Lair:2   | Reached skill level 1 in Fighting
 12670 | Lair:2   | Reached *** piety under Vehumet
 12824 | Lair:2   | Noticed a seven-headed hydra
 12831 | Lair:2   | Killed a seven-headed hydra
 12833 | Lair:2   | Reached XP level 12. HP: 49/89 MP: 16/27
 13050 | Lair:2   | Found a staircase to the Snake Pit.
 13342 | Lair:2   | Noticed a five-headed hydra
 13347 | Lair:2   | Killed a five-headed hydra
 13752 | Lair:2   | Noticed a catoblepas
 13762 | Lair:2   | Killed a catoblepas
 13763 | Lair:2   | Reached skill level 5 in Fighting
 14236 | Lair:3   | Noticed a boulder beetle
 14570 | Lair:2   | Killed a boulder beetle
 14571 | Lair:2   | Reached skill level 1 in Evocations
 14804 | Lair:3   | Offered knowledge of Sticky Flame by Vehumet.
 14818 | Lair:3   | Learned a level 4 spell: Sticky Flame
 15713 | Lair:3   | Reached skill level 10 in Air Magic
 15896 | Lair:3   | Found a staircase to the Shoals.
 16650 | Lair:4   | Noticed a catoblepas
 16675 | Lair:4   | Killed from afar by a catoblepas

Illustrated notes

Levels and vault maps discovered:
D:1:      shiori_arrival_whats_in_store_for_you, layout_loops_ring,
          minmay_tiny_reverse_x
D:2:      layout_basic, serial_glass, glass_columns_a, glass_columns_b,
          feat_on_display, due_unseen_surprise, feat_on_display,
          feat_on_display, uniq_crazy_yiuf_cottage
D:3:      layout_loops_cross, mainiacjoe_overflow_cross_hatched,
          nicolae_overflow_hidden_temple, chequers_ecumenical_altar_island,
          kennysheep_nondescript, uniq_grinder, uniq_natasha
D:4:      layout_basic, nicolae_ru_the_path_less_chosen,
          grunt_temple_overflow_opulence, uniq_duvessa
D:5:      layout_loops_ring, mainiacjoe_overflow_chevrons
D:6:      layout_basic, lemuel_coloured_pillars_altar, minmay_temple_entry_trees
D:7:      layout_gridville, uniq_prince_ribbit1, uniq_maggie, uniq_menkaure
D:8:      layout_loops_ring, lair_entry_dummy, kennysheep_nub
D:9:      layout_roguey [special_room_bee], orc_0_dummy, serial_shops,
          kennysheep_little_box, minmay_shop_grid_forest, minivault_28
Temple:   hellmonk_temple_forest_ring
Lair:1:   layout_chaotic_city
Lair:2:   layout_roguey, minmay_snake_entry_guardpost_medium, st_stairs_10,
          minmay_lair_oklob_items, chequers_serial_rivers_micro_d
Lair:3:   layout_cave_pods, elwin_shoals_entry_rooms, gauntlet_entry_generic,
          kilobyte_rumbling_trees
Lair:4:   layout_layer_cave, serial_bayou, serial_bayou_lagoon_b,
          serial_bayou_shore_b, serial_bayou_crossing, serial_bayou_lagoon_a

Skill      XL: |  1  2  3  4  5  6  7  8  9 10 11 12 |
---------------+-------------------------------------+-----
Fire Magic     | 4 5 7 9 11 12 14 15 | 15.8
Spellcasting   | 3 4 5 6 8 10 11 | 11.2
Conjurations   | 2 3 |  3.0
Air Magic      | 3 5 7 10 | 10.1
Fighting       | 3 5 |  5.2
Evocations     | 4 |  4.3
Dodging        | |  1.7
Stealth        | |  1.7

Action                   |  1- 3 |  4- 6 |  7- 9 | 10-12 || total
-------------------------+-------+-------+-------+-------++-------
Melee: Unarmed           |    31 |       |       |       ||    31
       Tailslap          |     7 |       |     1 |     2 ||    10
       Dagger            |    14 |       |       |       ||    14
       Quarterstaff      |       |     2 |       |       ||     2
       Halberd           |       |     7 |    10 |       ||    17
       Long sword        |       |       |       |     8 ||     8
       Staff             |       |       |       |     2 ||     2
Throw: Javelin           |       |       |     3 |     1 ||     4
 Cast: Foxfire           |    16 |     4 |       |       ||    20
       Scorch            |    29 |    41 |   110 |   195 ||   375
       Flame Wave        |       |       |     9 |    37 ||    46
       Mephitic Cloud    |       |       |       |     2 ||     2
       Lightning Bolt    |       |       |       |     2 ||     2
       Sticky Flame      |       |       |       |     1 ||     1
 Abil: Breathe Fire      |       |       |    16 |    17 ||    33
  Use: Scroll            |     2 |     3 |    11 |     9 ||    25
       Potion            |       |       |       |     1 ||     1
 Stab: Sleeping          |       |     2 |       |       ||     2
       Distracted        |       |       |       |     1 ||     1
Armor: Skin              |    15 |     6 |    11 |    75 ||   107
Dodge: Dodged            |    34 |    12 |    19 |   137 ||   202

Table legend: (Time is in decaauts)
 A = Elapsed time spent in this place.
 B = Non-inter-level travel time spent in this place.
 C = Inter-level travel time spent in this place.
 D = Time resting spent in this place.
 E = Time spent auto-exploring this place.
 F = Levels seen in this place.
 G = Mean time per level.
                   A        B        C        D        E       F      G
               +--------+--------+--------+--------+--------+-----+--------+
         Total |  16750 |  16381 |    369 |   4528 |   9982 |  14 | 1196.4 |
       Dungeon |  10667 |  10442 |    225 |   2379 |   6785 |   9 | 1185.2 |
        Temple |    204 |    190 |     14 |      0 |    172 |   1 |  204.0 |
          Lair |   5878 |   5749 |    129 |   2149 |   3024 |   4 | 1469.5 |
               +--------+--------+--------+--------+--------+-----+--------+

Top non-repeatable levels by time:
  Lair:2: 2589 daAuts
     D:8: 1729 daAuts
     D:4: 1603 daAuts
  Lair:3: 1587 daAuts
  Lair:1: 1531 daAuts
     D:2: 1282 daAuts
     D:1: 1252 daAuts
     D:7: 1223 daAuts
     D:6: 1099 daAuts
     D:3: 1025 daAuts
     D:5: 787 daAuts
     D:9: 664 daAuts
  Temple: 204 daAuts
  Lair:4: 169 daAuts
